AoeStats
← HR Pinkman

Arabia

507259599Analyzed
1v1 RM · 14d ago on Sep 17, 2026· 54m 52s· 2 players
Game mode
Random Map
Map size
Tiny (2 player)
Population
200
Speed
Normal
Resources
Standard
Victory
Conquest
Starting age
Dark Age
Ending age
Imperial Age
RankedLock teamsTeams togetherTeam positionsShared explorationLock speedFull tech treeHidden civsTurbo modeCheats
Victory
Defeat
🇨🇱 Magyars · Chile
2165
+20
🇦🇺 Slavs · Australia
2265
-20
HR Pinkman
5:34 Loom
8:25 Feudal Age
9:09 Double-Bit Axe
20:02 Castle Age
18:37 Fletching
19:31 Bloodlines
20:23 Gold Mining
20:47 Bodkin Arrow
21:37 Husbandry
23:07 Bow Saw
25:39 Padded Archer Armor
33:20 Wheelbarrow
34:12 Ballistics
38:13 Imperial Age
37:36 Hand Cart
37:37 Leather Archer Armor
38:03 Horse Collar
38:45 Thumb Ring
38:57 Bracer
40:22 Chemistry
41:52 Recurve Bow
42:55 Conscription
42:40 Scale Barding Armor
43:06 Ring Archer Armor
43:34 Corvinian Army
45:14 Chain Barding Armor
46:24 Parthian Tactics
46:32 Heavy Plow
47:26 Heavy Cavalry Archer
50:21 Plate Barding Armor
49:45 Town Watch
49:43 Elite Magyar Huszar
[bS']Socksyy
6:43 Loom
9:18 Feudal Age
9:48 Double-Bit Axe
10:22 Horse Collar
19:07 Castle Age
18:01 Scale Barding Armor
18:26 Bloodlines
18:51 Gold Mining
20:09 Bow Saw
21:03 Wheelbarrow
22:33 Husbandry
24:34 Chain Barding Armor
26:14 Forging
26:26 Ballistics
32:38 Town Watch
34:53 Iron Casting
34:48 Masonry
34:41 Heavy Plow
39:46 Imperial Age
38:19 Hand Cart
40:27 Gold Shaft Mining
39:48 Cavalier
41:03 Plate Barding Armor
41:29 Blast Furnace
41:28 Capped Ram
42:02 Light Cavalry
44:30 Hussar
46:08 Pikeman
46:48 Squires
46:48 Scale Mail Armor
46:50 Halberdier
47:49 Chain Mail Armor
48:53 Conscription
49:56 Fortified Wall
50:48 Chemistry
50:19 Plate Mail Armor
Connection lost

Rejoining the realm…

Still unreachable

The connection could not be restored.

Session expired

The server has moved on; the page needs a fresh start.